 Dungeon Crawl Stone Soup version 0.20-a0-647-gf178af5 (webtiles) character file.

182 Laan the Conjurer (level 5, 0/42 HPs)
             Began as a Naga Fire Elementalist on Feb 15, 2017.
             Slain by an orc wizard
             ... wielding a +0 dagger
              (3 damage)
             ... on level 3 of the Dungeon.
             The game lasted 00:09:04 (3234 turns).

Laan the Conjurer (Naga Fire Elementalist)          Turns: 3234, Time: 00:09:04

Health: 0/42       AC:  2    Str: 11    XL:     5   Next: 62%
Magic:  2/10       EV: 10    Int: 21    God:
Gold:   189        SH:  0    Dex: 11    Spells: 9/10 levels left

rFire    + . .     SeeInvis +   g - +0 whip
rCold    . . .     Gourm    .   a - +0 robe
rNeg     . . .     Faith    .   (no shield)
rPois    +         Spirit   .   (no helmet)
rElec    .         Reflect  .   (no cloak)
rCorr    .         Harm     .   (no gloves)
MR       .....                  (no barding)
Stlth    ++........             (no amulet)
Regen    0.2/turn               (no ring)
MPRegen  0.2/turn               l - ring of protection from fire

@: brilliant, about to teleport, short of breath, very slightly contaminated,
very slow
A: see invisible, deformed body, poison resistance, slowness 2, slow metabolism
1, spit poison 1, AC +1
a: Spit Poison


You were on level 3 of the Dungeon.
You were hungry.

You visited 1 branch of the dungeon, and saw 4 of its levels.

You collected 189 gold pieces.

Inventory:

Hand Weapons
 g - a +0 whip (weapon)
Missiles
 f - a javelin (quivered)
Armour
 a - a +0 robe (worn)
Jewellery
 l - a ring of protection from fire (left hand)
Scrolls
 e - 5 scrolls of remove curse {unknown}
 p - a scroll of enchant armour {unknown}
 q - a scroll of identify {unknown}
 s - a scroll of blinking {unknown}
Books
 b - a book of Flames

   Spells                             Type                      Level
   a - Flame Tongue                   Conjuration/Fire             1
   b - Throw Flame                    Conjuration/Fire             2
   c - Conjure Flame                  Conjuration/Fire             3
   d - Inner Flame                    Hexes/Fire                   3
   e - Sticky Flame                   Conjuration/Fire             4
   f - Fireball                       Conjuration/Fire             5
Comestibles
 c - 2 bread rations
 d - 5 fruits
 k - 2 meat rations
 m - 3 royal jellies


   Skills:
 - Level 1.5 Dodging
 - Level 3.0 Stealth
 + Level 3.4 Spellcasting
 * Level 4.2 Conjurations
 - Level 3.0 Fire Magic


You had 9 spell levels left.
You knew the following spells:

 Your Spells              Type           Power        Failure   Level  Hunger
a - Flame Tongue          Conj/Fire      ####.        1%          1    None


Dungeon Overview and Level Annotations

Branches:
Dungeon (4/15)
 Temple: D:4-7

Altars:
Ashenzari
Elyvilon
Makhleb
Okawaru


Innate Abilities, Weirdness & Mutations

You cannot wear boots.
Your serpentine skin is tough. (AC +1)
You have supernaturally acute eyesight. (SInv)
Armour fits poorly on your strangely shaped body.
Your system is resistant to poisons. (rPois)
You cover ground very slowly.
You have a slow metabolism.
You can spit poison.


Message History

As you read the scroll labeled VUOGHE ASHRUUCE, it crumbles to dust.
The creatures around you are filled with an inner flame!
It was a scroll of immolation.
The orc wizard hits you with a dagger.
* * * LOW HITPOINT WARNING * * *
The orc rages.
As you read the scroll labeled TAOVVY ECRAMISK, it crumbles to dust.
Your +0 whip glows bright green for a moment.
It was a scroll of random uselessness.
The orc wizard hits you with a dagger.
* * * LOW HITPOINT WARNING * * *
As you read the scroll labeled DEVOLO HODE, it crumbles to dust.
It is a scroll of recharging.
You aren't carrying any rechargeable items.
The orc wizard hits you with a dagger.
* * * LOW HITPOINT WARNING * * *
As you read the scroll labeled UKLENI RIPA, it crumbles to dust.
You feel strangely unstable.
It was a scroll of teleportation.
The orc wizard hits you but does no damage.
You aren't carrying any potions.
The orc wizard hits you with a dagger.
You die...

#..#<...........
#.o###.#########
##.###.# ###
#..#### #..
###..#
########.#
#o..>#
#.........
#o####
#.######.#
####o# #.# #.#
#..@.# #.# #..
#.##.######.###
#.#
#.##.....##...#
#.#
#.##รท###.##.###
### #.##.#
#....# #.##.#
###### #....#
######


You could see an orc wizard (inner flame) and 2 orcs.

Vanquished Creatures
  Terence (D:2)
  3 gnolls (D:2)
  7 adders
  3 dart slugs
  An orc (D:3)
  5 giant cockroaches
  5 goblins
  10 hobgoblins
  A quokka (D:2)
  5 bats
  5 frilled lizards
  7 kobolds
  10 rats
63 creatures vanquished.

Notes
Turn   | Place    | Note
-------+----------+-------------------------------------------
     0 | D:1      | Laan the Naga Fire Elementalist began the quest for the Orb.
     0 | D:1      | Reached XP level 1. HP: 15/15 MP: 3/3
   322 | D:1      | Reached XP level 2. HP: 17/22 MP: 1/5
   770 | D:1      | Reached skill level 2 in Conjurations
   938 | D:1      | Reached XP level 3. HP: 23/28 MP: 3/6
  1451 | D:2      | Reached skill level 3 in Conjurations
  1451 | D:2      | Reached XP level 4. HP: 36/36 MP: 6/8
  2022 | D:2      | Found a shattered altar of Ashenzari.
  2033 | D:2      | Found a burning altar of Makhleb.
  2043 | D:2      | Found an iron altar of Okawaru.
  2043 | D:2      | Noticed Terence
  2062 | D:2      | Killed Terence
  2062 | D:2      | Reached skill level 4 in Conjurations
  2062 | D:2      | Reached XP level 5. HP: 7/42 MP: 0/9
  2360 | D:2      | Found a white marble altar of Elyvilon.
  3234 | D:3      | Slain by an orc wizard

Vault maps used:
D:1:      dpeg_arrival_more_subterranean_lakeside_camping, serial_bayou_pond_c,
          st_stairs_4, minmay_misc_feat_square, minmay_surrounded
D:2:      wad_crossroads, nicolae_overflow_quartered_altars, first_bread,
          st_stairs_10, uniq_terence
D:3:      nemelex_altar_shiori, portal_sewer_entry_d
D:4:      kennysheep_little_box, eat_drink_and_be_merry_uskayaw,
          roderic_lattice_a, okawaru_ov_weapons_minmay

Skill      XL: |  1  2  3  4 |
---------------+-------------+-----
Conjurations   | 2 3 4 |  4.2
Spellcasting   | 3 |  3.4
Dodging        | |  1.5
Stealth        | |  3.0
Fire Magic     | |  3.0

Action                   |  1- 3 |  4- 6 || total
-------------------------+-------+-------++-------
Melee: Whip              |    10 |     7 ||    17
Throw: Javelin           |       |     1 ||     1
 Cast: Flame Tongue      |    48 |    76 ||   124
 Abil: Spit Poison       |       |     3 ||     3
  Use: Potion            |       |     3 ||     3
       Scroll            |       |     4 ||     4
  Eat: Chunk             |     1 |     4 ||     5
Armor: Robe              |     5 |     6 ||    11
Dodge: Dodged            |    20 |    26 ||    46
